 Dungeon Crawl Stone Soup version 0.25-a0-404-gc1b5a34292 (webtiles) character file.

Game seed: 4341387106541324824, levelgen mode: deterministic

10224 kae the Fighter (level 11, -2/101 HPs)
             Began as a Black Draconian Air Elementalist on Jan 10, 2020.
             Was a Believer of Vehumet.
             Slain by a troll (3 damage)
             ... on level 9 of the Dungeon.
             The game lasted 00:18:03 (13832 turns).

kae the Fighter (Black Draconian Air Elementalist) Turns: 13832, Time: 00:18:04

Health: -2/101     AC:  9    Str: 10    XL:     11   Next: 33%
Magic:  1/31       EV: 16    Int: 18    God:    Vehumet [**....]
Gold:   303        SH:  0    Dex: 13    Spells: 10/25 levels left

rFire    . . .     SeeInvis .   B - +0 scimitar (flame)
rCold    . . .     Gourm    .   (no shield)
rNeg     . . .     Faith    .   (armour unavailable)
rPois    .         Spirit   .   (helmet restricted)
rElec    +         Reflect  .   y - +0 cloak {MR+}
rCorr    .         Harm     .   p - +0 pair of gloves
MR       +....                  (no boots)
Stlth    ++........             (no amulet)
HPRegen  0.26/turn              n - ring of wizardry
MPRegen  0.22/turn              v - ring of magical power

@: short of breath
A: breathe lightning, unfitting armour, electricity resistance, cold-blooded, AC
+7
a: Breathe Lightning, Renounce Religion


You were on level 9 of the Dungeon.
You worshipped Vehumet.
Vehumet was pleased with you.
You were near starving.

You visited 2 branches of the dungeon, and saw 10 of its levels.

You collected 503 gold pieces.
You spent 200 gold pieces at shops.

Inventory:

Hand Weapons
 h - a +0 hand axe
 r - a +1 flail of venom
 B - a +0 scimitar of flaming (weapon)
 F - a +1 falchion of freezing
Armour
 p - a +0 pair of gloves (worn)
 y - a +0 cloak of magic resistance (worn)
Jewellery
 n - a ring of wizardry (left hand)
 v - a ring of magical power (right hand)
 z - an uncursed amulet of harm
Wands
 f - a wand of acid (7)
 w - a wand of flame (38)
 D - a wand of polymorph (9)
Scrolls
 a - 3 scrolls of teleportation
 c - 3 scrolls of fear
 g - 5 scrolls of remove curse
 m - 2 scrolls of amnesia
 s - 2 scrolls of identify
 u - 2 scrolls of magic mapping
Potions
 d - 2 potions of resistance
 e - a potion of heal wounds
 i - 4 potions of haste
 j - a potion of lignification
 k - a potion of brilliance
 l - 3 potions of mutation
 o - 3 potions of cancellation
 q - 2 potions of ambrosia
 x - 2 potions of might
 A - a potion of berserk rage
 C - a potion of agility
Comestibles
 b - 11 rations


   Skills:
 - Level 10.3 Fighting
 - Level 5.1 Long Blades
 - Level 7.0 Dodging
 - Level 1.7 Stealth
 + Level 7.6 Spellcasting
 - Level 5.0 Conjurations
 - Level 10.0 Air Magic


You had 10 spell levels left.
You knew the following spells:

 Your Spells              Type           Power        Failure   Level  Hunger
a - Shock                 Conj/Air       ####         1%          1    None
b - Static Discharge      Conj/Air       ####....     1%          3    #......
c - Swiftness             Chrm/Air       ###.....     1%          2    None
d - Airstrike             Air            #####.....   1%          4    ###....
e - Lightning Bolt        Conj/Air       ####......   5%          5    #####..

Your spell library contained the following spells:

 Spells                   Type           Power        Failure   Level  Hunger
 Searing Ray              Conj           ###...       1%          2    None
 Poisonous Vapours        Pois/Air       ###...       1%          2    None
 Mephitic Cloud           Conj/Pois/Air  ###.....     1%          3    #......
 Sting                    Tmut/Pois      #...         4%          1    None
 Ignite Poison            Fire/Tmut/Pois #.......     12%         3    #......
 Olgreb's Toxic Radiance  Pois           #.......     38%         4    ###....


Dungeon Overview and Level Annotations

Branches:
Dungeon (9/15)             Temple (1/1) D:7             Orc (0/2) D:9
   Lair: D:8-11

Altars:
Ashenzari
Cheibriados
Dithmenos
Elyvilon
Fedhas
Gozag
Hepliaklqana
Kikubaaqudgha
Makhleb
Nemelex Xobeh
Okawaru
Qazlal
Ru
Sif Muna
Trog
Uskayaw
Vehumet
Wu Jian
Xom
Yredelemnul
Zin
The Shining One

Shops:
D:5 *   D:9 *


Innate Abilities, Weirdness & Mutations

You can breathe wild blasts of lightning.
Your glossy black scales are hard. (AC +7)
You cannot fit into any form of body armour.
You are resistant to electric shocks. (rElec)
You are cold-blooded and may be slowed by cold attacks.


Message History

* * * LOW HITPOINT WARNING * * *
The troll claws you.
* * * LOW HITPOINT WARNING * * *
The troll barely misses you.
Okay, then.
You breathe a wild blast of lightning!
The orb of electricity explodes!
The orb of electricity engulfs the troll.
The troll is moderately wounded.
The orb of electricity engulfs the ogre!!
The ogre is severely wounded.
The orb of electricity engulfs you! You resist.
* * * LOW HITPOINT WARNING * * *
You hear a mighty clap of thunder! x2
You feel somewhat more hungry. The troll misses you.
You riposte.
You slash the troll! You burn the troll.
The troll is severely wounded.
The troll claws you.
* * * LOW HITPOINT WARNING * * *
The troll claws you.
You die... #..# #..# ###########..####..#### #8...8#................ #.gOT.#................ #..oog############†.### #g.Koo#

#[.# #8)))8# #..#
#####'##### #..#
#....)OT@}##########<.###
#.#######................
#?.......................
#########################


You could see a troll and an ogre.

Vanquished Creatures
  Erica (D:8)
  3 two-headed ogres
  Pikel (D:7)
  A manticore (D:8)
  A hornet (D:9)
  A spriggan (D:8)
  4 yaks (D:9)
  A water moccasin (D:5)
  Duvessa (D:7)
  5 orc warriors
  A hornet zombie (D:9)
  An ice beast (D:5)
  3 slaves (D:7)
  3 black bears
  5 sky beasts
  2 necrophages
  5 phantoms
  3 ogres
  3 centaurs
  4 big kobolds
  5 bullfrogs
  4 gnoll sergeants (D:9)
  2 scorpions
  Dowan (D:7)
  6 killer bees (D:5)
  9 wights
  2 howler monkeys
  5 crimson imps
  A bullfrog zombie (D:8)
  3 jellies
  2 orc priests
  2 bullfrog skeletons (D:9)
  2 centaur skeletons (D:6)
  9 hounds
  Crazy Yiuf (D:6)
  3 iguanas
  7 worker ants
  5 orc wizards
  A killer bee zombie (D:9)
  A hound zombie (D:9)
  2 worker ant zombies
  Robin (D:4)
  10 adders
  6 gnolls
  A howler monkey skeleton (D:7)
  A shadow imp (D:7)
  An ooze (D:2)
  2 adder skeletons
  3 worms
  5 dart slugs
  3 leopard geckos
  25 orcs
  9 giant cockroaches
  15 goblins
  5 hobgoblins
  13 jackals
  4 quokkas
  4 ball pythons
  A ball python skeleton (D:4)
  9 bats
  4 frilled lizards
  A giant cockroach zombie (D:6)
  12 kobolds
  3 quokka skeletons (D:6)
  6 rats
266 creatures vanquished.

Vanquished Creatures (others)
  A fungus (D:8)
1 creature vanquished.

Grand Total: 267 creatures vanquished

Notes
Turn   | Place    | Note
-------+----------+-------------------------------------------
     0 | D:1      | kae the Draconian Air Elementalist began the quest for the
                  | Orb.
     0 | D:1      | Reached XP level 1. HP: 14/14 MP: 3/3
   478 | D:1      | Reached XP level 2. HP: 20/20 MP: 0/5
  1121 | D:1      | Reached XP level 3. HP: 26/26 MP: 4/6
  1758 | D:2      | Reached XP level 4. HP: 14/33 MP: 2/8
  3260 | D:4      | Noticed a centaur
  3611 | D:4      | Learned a level 3 spell: Static Discharge
  3614 | D:4      | Learned a level 2 spell: Swiftness
  3666 | D:4      | Reached XP level 5. HP: 28/38 MP: 9/9
  3954 | D:4      | Reached skill level 5 in Air Magic
  4472 | D:4      | Noticed Robin
  4485 | D:4      | Killed Robin
  4647 | D:4      | Reached XP level 6. HP: 32/45 MP: 11/11
  5404 | D:4      | Your scales start taking on a glossy black colour.
  5404 | D:4      | Reached XP level 7. HP: 45/50 MP: 12/12
  5404 | D:4      | Gained mutation: You are resistant to electric shocks.
                  | (rElec) [Black Draconian growth]
  5783 | D:4      | Found a sacrificial altar of Ru.
  5850 | D:5      | Entered Level 5 of the Dungeon
  6624 | D:5      | Learned a level 4 spell: Airstrike
  6760 | D:5      | Reached XP level 8. HP: 53/57 MP: 14/14
  6931 | D:5      | Reached skill level 5 in Conjurations
  7013 | D:5      | Reached skill level 5 in Spellcasting
  7020 | D:5      | Learned a level 5 spell: Lightning Bolt
  7112 | D:5      | Found Xeqosuakh's Assorted Antiques.
  7121 | D:5      | Bought a scroll labeled DIREFA TAHUTIUHE for 25 gold pieces
  7121 | D:5      | Bought a dented silver amulet for 125 gold pieces
  7121 | D:5      | Bought a scroll of identify for 50 gold pieces
  7490 | D:6      | Reached skill level 10 in Air Magic
  7562 | D:6      | Reached skill level 1 in Fighting
  8070 | D:6      | Reached skill level 5 in Fighting
  8070 | D:6      | Reached XP level 9. HP: 21/74 MP: 13/17
  8764 | D:6      | Found a runed translucent door.
  8765 | D:6      | Noticed Crazy Yiuf
  8872 | D:6      | Killed Crazy Yiuf
  9103 | D:7      | Noticed Dowan
  9105 | D:7      | Noticed Duvessa
  9113 | D:7      | Killed Dowan
  9126 | D:7      | HP: 3/79 [Duvessa/+0 short sword (7)]
  9129 | D:7      | Killed Duvessa
  9765 | D:7      | Found a staircase to the Ecumenical Temple.
  9804 | Temple   | Entered the Ecumenical Temple
  9972 | Temple   | Became a worshipper of Vehumet
 10059 | D:7      | Noticed Pikel
 10080 | D:7      | Killed Pikel
 10080 | D:7      | Reached skill level 10 in Fighting
 10502 | D:7      | Found a glowing silver altar of Zin.
 10511 | D:7      | Reached XP level 10. HP: 94/94 MP: 15/18
 10518 | D:7      | Found a hazy altar of Hepliaklqana.
 10787 | D:8      | Noticed Erica
 11412 | D:8      | Noticed a manticore
 11417 | D:8      | Killed a manticore
 11546 | D:8      | Found a blossoming altar of Fedhas.
 11580 | D:8      | Noticed a two-headed ogre
 11888 | D:8      | Killed Erica
 11888 | D:8      | Reached skill level 5 in Dodging
 12163 | D:8      | Killed a two-headed ogre
 12443 | D:8      | Reached skill level 1 in Long Blades
 12805 | D:9      | Noticed a two-headed ogre
 12843 | D:9      | Killed a two-headed ogre
 12850 | D:9      | Reached * piety under Vehumet
 12850 | D:9      | Offered knowledge of Magic Dart by Vehumet.
 13079 | D:9      | Noticed a two-headed ogre
 13128 | D:9      | Reached skill level 5 in Long Blades
 13128 | D:9      | Reached XP level 11. HP: 91/101 MP: 16/19
 13466 | D:9      | Killed a two-headed ogre
 13480 | D:9      | Found Ufiajes's Assorted Antiques.
 13770 | D:9      | Found a staircase to the Orcish Mines.
 13809 | D:9      | Reached ** piety under Vehumet
 13809 | D:9      | Offered knowledge of Searing Ray by Vehumet.
 13832 | D:9      | HP: 1/101 [troll (6)]
 13832 | D:9      | Slain by a troll

Levels and vault maps discovered:
D:1:      psy_arrival_conway, layout_basic, hex_large, minmay_heptomino_w4
D:2:      layout_rooms, serial_bayou_pond_a
D:3:      layout_basic
D:4:      layout_layer_cave, nicolae_ru_the_path_less_chosen, first_ration,
          uniq_robin
D:5:      minmay_inner_zag, layout_cave_pods, serial_shops, shop,
          minmay_misc_feat_rows, kennysheep_generic_room_3
D:6:      layout_basic, uniq_crazy_yiuf_cottage
D:7:      layout_loops_corners, gammafunk_temple_overflow_pools,
          minmay_temple_entry_statues_pillars, uniq_pikel, uniq_duvessa
D:8:      layout_loops_ring, fedhas_altar_3, grunt_pizzeria, uniq_erica
D:9:      layout_small_grid, kennysheep_orc_monster_closet_entryway,
          serial_shops, shop_coins
Temple:   regret_index_temple_mists

Skill      XL: |  1  2  3  4  5  6  7  8  9 10 11 |
---------------+----------------------------------+-----
Conjurations   | 2 3 4 5 |  5.0
Air Magic      | 4 5 7 8 10 | 10.0
Spellcasting   | 3 4 5 7 |  7.6
Fighting       | 5 10 | 10.3
Dodging        | 7 |  7.0
Long Blades    | 5 |  5.1
Stealth        | |  1.7

Action                   |  1- 3 |  4- 6 |  7- 9 | 10-12 || total
-------------------------+-------+-------+-------+-------++-------
Melee: Unarmed           |    39 |       |       |       ||    39
       Tailslap          |    12 |     9 |    11 |    20 ||    52
       Hand axe          |    84 |     3 |       |       ||    87
       Flail             |       |    73 |   169 |     9 ||   251
       Scimitar          |       |       |       |    84 ||    84
 Cast: Shock             |    51 |   105 |    98 |    78 ||   332
       Static Discharge  |       |     5 |    28 |    40 ||    73
       Airstrike         |       |       |    29 |    53 ||    82
       Lightning Bolt    |       |       |     7 |     1 ||     8
       Swiftness         |       |       |     1 |     1 ||     2
 Abil: Breathe Lightning |       |       |     4 |     3 ||     7
  Use: Scroll            |     5 |    11 |    10 |     3 ||    29
       Potion            |       |       |     4 |     3 ||     7
 Stab: Sleeping          |     2 |     4 |     3 |     1 ||    10
       Distracted        |       |       |     1 |       ||     1
  Eat: Chunk             |     4 |    11 |    12 |    20 ||    47
       Ration            |       |       |     4 |       ||     4
Armor: Skin              |    57 |    22 |    95 |    76 ||   250
Dodge: Dodged            |   127 |    50 |   178 |   166 ||   521
       Rpst.: Scimitar   |       |       |       |    45 ||    45

Table legend:
 A = Non-vault XP
 B = Vault XP
 C = Vault XP percentage of total XP
 D = Non-vault monster count
 E = Vault monster count
 F = Vault count percentage of total count
                 A         B        C        D         E       F
            +---------+---------+-------+---------+---------+-------
      Total |   11118 |    3488 |  23.9 |     218 |      45 |  17.1
            +---------+---------+-------+---------+---------+-------
        D:1 |      31 |      11 |  26.2 |      16 |       6 |  27.3
        D:2 |      94 |       0 |   0.0 |      31 |       0 |   0.0
        D:3 |      36 |       0 |   0.0 |      11 |       0 |   0.0
        D:4 |     591 |      36 |   5.7 |      26 |      12 |  31.6
        D:5 |    1010 |     322 |  24.2 |      18 |       7 |  28.0
        D:6 |    1286 |      39 |   2.9 |      32 |       1 |   3.0
        D:7 |    1261 |     857 |  40.5 |      27 |       3 |  10.0
        D:8 |    2578 |    1144 |  30.7 |      24 |       2 |   7.7
        D:9 |    4231 |    1079 |  20.3 |      33 |      14 |  29.8
            +---------+---------+-------+---------+---------+-------
